 Dungeon Crawl Stone Soup version 0.29.1-1-gd02db6906a (webtiles) character file.

Game seed: 5513111444514400869

663 Earthwalker the Covered (level 7, -1/60 HPs)
             Began as a Minotaur Fighter on Oct 7, 2022.
             Slain by a yak (10 damage)
             ... on level 7 of the Dungeon.
             The game lasted 00:15:08 (2835 turns).

Earthwalker the Covered (Minotaur Fighter)          Turns: 2835, Time: 00:15:09

Health: -1/60      AC:  7    Str: 20    XL:     7   Next: 31%
Magic:  3/6        EV: 10    Int:  5    God:
Gold:   175        SH:  6    Dex: 12    Spells: 5/6 levels left

rFire   . . .      SeeInvis .   e - +1 spear (venom)
rCold   . . .      Faith    .   c - +1 buckler
rNeg    . . .      Spirit   .   b - +0 scale mail
rPois   .          Reflect  .   (helmet restricted)
rElec   .          Harm     .   (no cloak)
rCorr   .          Rampage  .   (no gloves)
Will    .....                   (no boots)
Stlth   ..........              i - amulet of regeneration
HPRegen 1.00/turn               (no ring)
MPRegen 0.10/turn               (no ring)

@: very slightly contaminated
A: horns 2, retaliatory headbutt
a: no special abilities


You were on level 7 of the Dungeon.
You visited 1 branch of the dungeon, and saw 7 of its levels.

You collected 175 gold pieces.

Inventory:

Hand Weapons
 a - a +0 trident
 e - a +1 spear of venom (weapon)
Missiles
 h - 3 curare-tipped darts
 j - 49 stones (quivered)
 s - 3 poisoned darts
 t - a throwing net
Armour
 b - a +0 scale mail (worn)
 c - a +1 buckler (worn)
Magical Staves
 k - a staff of cold
Jewellery
 i - an amulet of regeneration (around neck)
Wands
 o - a wand of flame (20)
Scrolls
 f - a scroll of magic mapping
 g - 2 scrolls of enchant armour
 m - 6 scrolls of identify
 n - a scroll of amnesia
 p - a scroll of teleportation {unknown}
 u - a scroll of vulnerability {unknown}
 v - a scroll of poison
 w - a scroll of fog {unknown}
Potions
 d - a potion of might
 l - 2 potions of mutation
 q - a potion of brilliance {unknown}
 r - a potion of curing {unknown}


   Skills:
 * Level 4.7 Fighting
 * Level 5.5 Polearms
 * Level 6.4 Armour
 * Level 2.4 Dodging
 * Level 4.9 Shields
 * Level 1.5 Summonings


You had 5 spell levels left.
You knew the following spells:

 Your Spells              Type           Power      Damage    Failure   Level
a - Summon Small Mammal   Summ           4%         N/A       67%         1

Your spell library contained the following spells:

 Spells                   Type           Power      Damage    Failure   Level
 Foxfire                  Conj/Fire      0%         2x1d4     87%         1
 Sting                    Tmut/Pois      0%         1d3       87%         1
 Blink                    Tloc           0%         N/A       95%         2
 Poisonous Vapours        Pois/Air       0%         N/A       95%         2
 Sublimation of Blood     Necr           0%         N/A       95%         2
 Wereblood                Tmut           0%         N/A       95%         2
 Call Canine Familiar     Summ           1%         N/A       96%         3
 Summon Guardian Golem    Hex/Summ       0%         N/A       98%         3
 Conjure Flame            Conj/Fire      0%         6-21      99%         3
 Inner Flame              Hex/Fire       0%         N/A       99%         3
 Lesser Beckoning         Tloc           0%         N/A       99%         3
 Portal Projectile        Hex/Tloc       0%         N/A       99%         3
 Tukima's Dance           Hex            0%         N/A       99%         3
 Flame Wave               Conj/Fire      0%         2d4       100%        4
 Olgreb's Toxic Radiance  Pois           0%         N/A       100%        4
 Blade Hands              Tmut           0%         N/A       100%        5
 Manifold Assault         Tloc           0%         N/A       100%        5
 Summon Hydra             Summ           0%         N/A       100%        7


Dungeon Overview and Level Annotations

Branches:
Dungeon (7/15)
 Temple: D:4-7

Altars:


Innate Abilities, Weirdness & Mutations

You have a pair of horns on your head.
You reflexively headbutt those who attack you in melee.


Message History

Nothing appears to happen.
The yak gores you.
* * * LOW HITPOINT WARNING * * *
Casting: Summon Small Mammal (safe; 71% risk of failure)
Confirm with . or Enter, or press ? or * to list all spells.
You miscast Summon Small Mammal.
Nothing appears to happen.
The yak gores you!
* * * LOW HITPOINT WARNING * * *
Casting: Summon Small Mammal (safe; 71% risk of failure)
Confirm with . or Enter, or press ? or * to list all spells.
You miscast Summon Small Mammal.
Nothing appears to happen.
The yak closely misses you. You furiously retaliate!
You headbutt the yak.
Casting: Summon Small Mammal (safe; 71% risk of failure)
Confirm with . or Enter, or press ? or * to list all spells.
You block the yak's attack.
You barely miss the yak. You headbutt the yak.
The yak is severely wounded.
The yak barely misses you.
You barely miss the yak.
The yak is severely wounded.
Your rat bites the yak.
The yak gores you.
* * * LOW HITPOINT WARNING * * *
Okay, then.
You hit the yak but do no damage.
The yak is almost dead.
Your rat bites the yak but does no damage.
The yak barely misses you.
You barely miss the yak. You headbutt the yak.
The yak is almost dead.
Your rat barely misses the yak.
You barely miss the yak. You headbutt the yak, but do no damage.
The yak is almost dead.
The yak completely misses you.
Your rat bites the yak but does no damage.
You barely miss the yak. Your headbutt misses the yak.
The yak is almost dead.
You kill the yak!
Your rat bites the yak but does no damage.
You barely miss the yak. You headbutt the yak, but do no damage.
The yak snorts and paws the ground.
The yak gores you!
You die...

.##.#......# #...#
..........### #.<.####
#.........#####.......
#.......#.#...........
#.#.#.................
..#.......#†#...........
......rY...<#####Y..####
....###Y##### #.......
.## #@# #...#### #)#
#...# #<# ##Y## ###
####.##### #....Y....
#.##..#.## # #.?# #
#...?..... #.#####...


You could see 2 yaks and a friendly rat (summoned).

Vanquished Creatures
  A wyvern (D:7)
  2 yaks (D:7)
  A bullfrog (D:7)
  A wight (D:7)
  An iguana (D:5)
  3 gnolls (D:5)
  An adder (D:3)
  2 dart slugs
  A worm (D:3)
  7 orcs
  8 ball pythons
  3 endoplasms
  A giant cockroach (D:1)
  5 goblins
  3 hobgoblins
  2 quokkas (D:3)
  8 bats
  3 frilled lizards
  7 kobolds
  A rat (D:1)
61 creatures vanquished.

Notes
Turn   | Place    | Note
-------+----------+-------------------------------------------
     0 | D:1      | Earthwalker the Minotaur Fighter began the quest for the
                  | Orb.
     0 | D:1      | Reached XP level 1. HP: 19/19 MP: 0/0
   265 | D:1      | Reached skill level 4 in Armour
   298 | D:1      | Reached XP level 2. HP: 27/27 MP: 1/1
  1090 | D:2      | Reached XP level 3. HP: 29/33 MP: 2/2
  2362 | D:4      | Noticed a scorpion
  2446 | D:4      | Reached skill level 1 in Dodging
  2446 | D:4      | Reached XP level 4. HP: 40/40 MP: 3/3
  2493 | D:4      | Noticed a steam dragon
  2514 | D:5      | Entered Level 5 of the Dungeon
  2602 | D:5      | Noticed a yak
  2602 | D:5      | Noticed a yak
  2602 | D:5      | Noticed a yak
  2615 | D:6      | Noticed a gnoll sergeant
  2617 | D:6      | Noticed a water moccasin
  2632 | D:7      | Reached skill level 5 in Armour
  2632 | D:7      | Reached XP level 5. HP: 8/44 MP: 4/4
  2682 | D:7      | Reached skill level 1 in Summonings
  2684 | D:7      | Learned a level 1 spell: Summon Small Mammal
  2727 | D:7      | Noticed a yak
  2761 | D:7      | Killed a yak
  2762 | D:7      | Reached XP level 6. HP: 53/53 MP: 0/5
  2796 | D:7      | Noticed a yak
  2796 | D:7      | Noticed a yak
  2796 | D:7      | Noticed a yak
  2801 | D:7      | Noticed a wyvern
  2816 | D:7      | Killed a wyvern
  2817 | D:7      | Reached skill level 5 in Polearms
  2817 | D:7      | Reached skill level 6 in Armour
  2817 | D:7      | Reached XP level 7. HP: 10/60 MP: 6/6
  2834 | D:7      | Killed a yak
  2835 | D:7      | Slain by a yak

Illustrated notes

Levels and vault maps discovered:
D:1:      lemuel_arrival_rhombus, layout_loops_ring, st_stairs_12,
          minmay_pentomino_p4
D:2:      layout_basic
D:3:      layout_basic, minmay_misc_feat_tiny, minmay_misc_feat_ornament
D:4:      layout_loops_corners, nicolae_vehumet_altar_sigil, lemuel_tele_altar,
          minmay_temple_entry_wispy, gup_sewer_entry_bubbles, st_stairs_11,
          corexii_corridor_pit, uniq_robin
D:5:      layout_cave_pools, roderic_lattice_a, uniq_crazy_yiuf_cottage
D:6:      layout_rooms, mainiacjoe_overflow_alcove_3,
          nicolae_ossuary_entry_false_entrances
D:7:      layout_loops_cross, mainiacjoe_overflow_swirl,
          fedhas_altar_decomposition, reono_crystal_passage, hex_tiny,
          nrook_uturn, grunt_decor_clamped

Skill      XL: |  1  2  3  4  5  6 |
---------------+-------------------+-----
Armour         | 4 5 6 |  6.4
Shields        | 4 |  4.9
Polearms       | 3 4 5 |  5.5
Dodging        | 1 2 |  2.4
Fighting       | 4 |  4.7
Summonings     | 1 |  1.5

Action                   |  1- 3 |  4- 6 |  7- 9 || total
-------------------------+-------+-------+-------++-------
Melee: Spear             |   104 |    49 |    10 ||   163
       Headbutt          |    15 |     7 |     5 ||    27
 Cast: Summon Small Mamm |       |     2 |     1 ||     3
  Use: Scroll            |     9 |       |       ||     9
Armor: Scale mail        |    55 |    11 |       ||    66
Dodge: Dodged            |    50 |    26 |     5 ||    81
Block: Buckler           |    37 |    11 |     3 ||    51
